 Dungeon Crawl Stone Soup version 0.27-a0-385-g3208abaabc (webtiles) character file.

Game seed: 6367509202090232967

8832 mg7810 the Basher (level 11, -6/93 HPs)
             Began as a Yellow Draconian Monk on Feb 19, 2021.
             Was an Elder of Makhleb.
             Mangled by a two-headed ogre
             ... wielding a +0 dire flail
              (26 damage)
             ... on level 10 of the Dungeon.
             The game lasted 00:54:58 (10129 turns).

mg7810 the Basher (Yellow Draconian Monk)          Turns: 10129, Time: 00:54:58

Health: -6/93      AC: 13    Str: 17    XL:     11   Next: 15%
Magic:  14/14      EV: 16    Int: 11    God:    Makhleb [****..]
Gold:   614        SH:  0    Dex: 15    Spells: 10/10 levels left

rFire    . . .     SeeInvis .   s - +3 flail (venom)
rCold    . . .     Faith    +   (no shield)
rNeg     . . .     Spirit   .   (armour unavailable)
rPois    +         Reflect  .   (helmet restricted)
rElec    .         Harm     .   m - +0 cloak
rCorr    +         Rampage  .   (no gloves)
Will     +....                  F - +0 pair of boots
Stlth    +++.......             e - amulet of faith
HPRegen  0.25/turn              f - +4 ring of protection
MPRegen  0.14/turn              b - ring of willpower

@: short of breath
A: spit acid, unfitting armour, hooves 1, poison resistance, strong 1,
cold-blooded, acid resistance, AC +7
a: Breathe Acid, Renounce Religion, Minor Destruction, Lesser Servant of
Makhleb, Major Destruction


You were on level 10 of the Dungeon.
You worshipped Makhleb.
Makhleb was greatly pleased with you.
You visited 2 branches of the dungeon, and saw 11 of its levels.

You collected 614 gold pieces.

Inventory:

Hand Weapons
 a - a +0 short sword of distortion
 k - a +1 hunting sling
 s - a +3 flail of venom (weapon)
 M - a +3 scimitar of flaming
Missiles
 j - 94 sling bullets
 r - 50 poisoned darts (quivered)
 x - 8 boomerangs
 B - 7 javelins
 N - 7 curare-tipped darts
Armour
 m - a +0 cloak (worn)
 F - a +0 pair of boots (worn)
Jewellery
 b - a ring of willpower (right hand)
 d - a +6 ring of intelligence
 e - an amulet of faith (around neck)
 f - a +4 ring of protection (left hand)
 w - a ring of flight
 y - a ring of wizardry
 H - a ring of magical power
Wands
 q - a wand of flame (33)
 u - a wand of digging (5)
 D - a wand of polymorph (6)
 I - a wand of paralysis (6)
 L - a wand of acid (5)
 P - a wand of mindburst (11)
Scrolls
 c - 4 scrolls of fear
 g - a scroll of enchant weapon
 h - 3 scrolls of teleportation
 n - 4 scrolls of magic mapping
 o - a scroll of blinking {unknown}
 p - 4 scrolls of enchant armour
 t - a scroll of random uselessness {unknown}
 A - 2 scrolls of fog {unknown}
 O - a scroll of summoning {unknown}
 Q - a scroll of immolation
Potions
 i - 2 potions of curing
 l - a potion of resistance {unknown}
 v - 2 potions of heal wounds {unknown}
 z - a potion of flight {unknown}
 C - 2 potions of brilliance
 E - 2 potions of lignification {unknown}
 G - a potion of haste
 J - 2 potions of degeneration {unknown}
 K - 3 potions of berserk rage
 R - a potion of might


   Skills:
 + Level 7.7 Fighting
 + Level 3.0 Long Blades
 + Level 10.0 Maces & Flails
 - Level 3.3(4.6) Slings
 + Level 4.8(5.3) Throwing
 + Level 6.5 Dodging
 + Level 4.1 Stealth
 + Level 3.6 Unarmed Combat
 + Level 5.1 Invocations
 + Level 4.5 Evocations


You had 10 spell levels left.
You didn't know any spells.
Your spell library contained the following spells:

 Spells                   Type           Power        Failure   Level
 Sandblast                Erth           0%           34%         1
 Passwall                 Tmut/Erth      0%           47%         2
 Confusing Touch          Hex            0%           71%         3
 Gell's Gravitas          Tloc           0%           71%         3
 Stone Arrow              Conj/Erth      0%           71%         3
 Petrify                  Tmut/Erth      0%           98%         4
 Lee's Rapid Deconstruct  Erth           0%           100%        5
 Metabolic Englaciation   Hex/Ice        0%           100%        5
 Yara's Violent Unravell  Hex/Tmut       0%           100%        5


Dungeon Overview and Level Annotations

Branches:
Dungeon (10/15)            Temple (1/1) D:5            Lair (0/6) D:10
    Orc: D:9-12

Altars:
Ashenzari
Cheibriados
Dithmenos
Elyvilon
Fedhas
Gozag
Hepliaklqana
Kikubaaqudgha
Makhleb
Nemelex Xobeh
Okawaru
Qazlal
Ru
Sif Muna
Trog
Uskayaw
Vehumet
Wu Jian
Xom
Yredelemnul
Zin
The Shining One

Annotations:
D:3 2 transporters, ArcanElement's ghost, amateur DrTm


Innate Abilities, Weirdness & Mutations

You can spit globs of acid.
Your golden yellow scales are hard. (AC +7)
You cannot fit into any form of body armour.
You are cold-blooded and may be slowed by cold attacks.
You are resistant to acid. (rCorr)
You have large cloven feet.
Your system is resistant to poisons. (rPois)
Your muscles are strong. (Str +2)


Message History

The centaur hits you but does no damage.
The two-headed ogre hits you with a +0 dire flail!!
The two-headed ogre hits you but does no damage.
The centaur misses you. The centaur barely misses you.
The two-headed ogre hits you with a +0 dire flail!
The two-headed ogre hits you with a +0 giant spiked club!!
The orc shouts!
You sock the centaur!
The centaur looks as sick as possible!
The centaur is heavily wounded.
The centaur hits you.
The two-headed ogre hits you with a +0 dire flail.
* * * LOW HITPOINT WARNING * * *
The two-headed ogre misses you. The centaur hits you.
* * * LOW HITPOINT WARNING * * *
The centaur wields a +0 shortbow.
The centaur shoots an arrow.
The arrow hits you!
* * * LOW HITPOINT WARNING * * *
The orc wizard casts a spell at itself.
The orc wizard flickers and vanishes!
Deactivating autopickup; reactivate with Ctrl-A.
The centaur shoots an arrow.
The arrow hits you!
* * * LOW HITPOINT WARNING * * *
You feel better.
You kill the centaur!
Makhleb accepts your kill.
You feel better.
An orc comes into view. It is wielding a +0 hand axe.
Your Maces & Flails skill increases to level 10!
Press: ? - help, Shift-Dir - straight line, f - two-headed ogre
Aim: a two-headed ogre, wielding a +0 dire flail and a +0 giant spiked club (heavily wounded, very poisoned)
You spit a glob of acid.
The glob of acid hits the two-headed ogre.
The two-headed ogre is splashed with acid.
The acid corrodes the two-headed ogre!
The two-headed ogre is severely wounded.
The acid splashes onto the orc warrior!
The orc warrior is splashed with acid.
The orc shouts!
The two-headed ogre hits you with a +0 dire flail!!
You die...

.......................#
.........#..#...)..#...#
.........#..#......#...#
..########..#......#...#
............#......#...#
............#......#...#
..####...####......#####
..# ................#
..# ........@......# ..#
.####...O..##### .##
#...o..# .# #...o..# .#
#..o...# .#.. ........#
##.. #.........# ....
#.....o...# ....
#.........#


You could see a two-headed ogre (very poisoned, corroded), an orc warrior and 3
orcs.

Vanquished Creatures
  2 two-headed ogres (D:9)
  Sonja (D:10)
  Pikel (D:4)
  Psyche (D:9)
  A troll (D:9)
  A hornet (D:8)
  3 yaks (D:9)
  A water moccasin (D:8)
  4 orc warriors
  6 ice beasts
  3 centaurs
  A necrophage (D:8)
  9 ogres
  A phantom (D:9)
  2 kobold brigands
  7 bullfrogs
  A gnoll sergeant (D:10)
  5 scorpions
  A howler monkey (D:6)
  A bullfrog zombie (D:7)
  5 quasits
  Crazy Yiuf (D:6)
  9 orc priests
  2 hounds
  2 jellies
  5 centaur skeletons
  Ijyb (D:4)
  Terence (D:3)
  4 iguanas
  6 orc wizards
  8 worker ants
  A hound zombie (D:8)
  13 gnolls
  14 adders
  3 white imps
  An ufetubus (D:8)
  2 oozes
  3 worms
  An adder skeleton (D:7)
  2 dart slugs (D:2)
  9 leopard geckos
  19 orcs
  3 ball pythons
  8 bats
  2 giant cockroaches
  5 goblins
  11 hobgoblins
  2 jackals (D:3)
  5 quokkas
  2 frilled lizards
  9 kobolds
  A leopard gecko zombie (D:9)
  A quokka skeleton (D:7)
  9 rats
222 creatures vanquished.

Vanquished Creatures (collateral kills)
  Erica (D:8)
  A wyvern (D:8)
  6 yaks (D:9)
  A black bear (D:7)
  A centaur (D:8)
  A bullfrog (D:8)
  3 killer bees (D:7)
  An orc wizard (D:7)
  3 gnolls
  2 adder skeletons (D:7)
  2 leopard geckos (D:7)
  2 orcs
  4 kobolds (D:7)
28 creatures vanquished.

Grand Total: 250 creatures vanquished

Notes
Turn   | Place    | Note
-------+----------+-------------------------------------------
     0 | D:1      | mg7810 the Draconian Monk began the quest for the Orb.
     0 | D:1      | Reached XP level 1. HP: 19/19 MP: 1/1
   274 | D:1      | Reached XP level 2. HP: 26/26 MP: 2/2
  1012 | D:2      | Reached XP level 3. HP: 33/33 MP: 3/3
  1308 | D:2      | Reached skill level 1 in Slings
  1384 | D:2      | Reached XP level 4. HP: 40/40 MP: 4/4
  1836 | D:3      | Noticed ArcanElement's ghost (amateur DrTm)
  1842 | D:3      | Found a transporter.
  1902 | D:3      | Noticed Terence
  1963 | D:3      | Found a transporter.
  2412 | D:3      | Killed Terence
  2413 | D:3      | Reached XP level 5. HP: 46/46 MP: 5/5
  2811 | D:4      | Noticed Pikel
  2811 | D:4      | Noticed a lemure
  2811 | D:4      | Noticed a lemure
  2811 | D:4      | Noticed a lemure
  2811 | D:4      | Noticed a lemure
  2949 | D:4      | Reached skill level 1 in Maces & Flails
  2966 | D:4      | Noticed Ijyb
  2972 | D:4      | Killed Ijyb
  2973 | D:4      | Reached skill level 1 in Evocations
  2995 | D:4      | Reached XP level 6. HP: 44/52 MP: 6/6
  3078 | D:4      | Reached skill level 1 in Throwing
  3425 | D:4      | Reached skill level 2 in Maces & Flails
  3718 | D:4      | Killed Pikel
  3719 | D:4      | Reached skill level 4 in Maces & Flails
  3719 | D:4      | Your scales start taking on a golden yellow colour.
  3719 | D:4      | Reached XP level 7. HP: 31/60 MP: 7/7
  3719 | D:4      | Gained mutation: You are resistant to acid. (rCorr) [Yellow
                  | Draconian growth]
  3936 | D:5      | Entered Level 5 of the Dungeon
  4338 | D:5      | Reached skill level 5 in Maces & Flails
  4338 | D:5      | Reached XP level 8. HP: 64/67 MP: 8/8
  4410 | D:5      | Found a staircase to the Ecumenical Temple.
  4423 | Temple   | Entered the Ecumenical Temple
  4712 | Temple   | Became a worshipper of Makhleb the Destroyer
  4712 | Temple   | Reached * piety under Makhleb
  4712 | Temple   | Reached ** piety under Makhleb
  4806 | D:5      | Reached skill level 1 in Invocations
  5353 | D:6      | Found a sacrificial altar of Ru.
  5406 | D:6      | Reached skill level 5 in Fighting
  5479 | D:6      | Reached skill level 6 in Maces & Flails
  5644 | D:6      | Found a runed translucent door.
  5645 | D:6      | Noticed Crazy Yiuf
  5688 | D:6      | Found a sparkling altar of Nemelex Xobeh.
  5710 | D:6      | Gained mutation: You have large cloven feet. [potion of
                  | mutation]
  5710 | D:6      | Gained mutation: You are frail. (-10% HP) [potion of
                  | mutation]
  5710 | D:6      | Gained mutation: You are strong-willed. (Will+) [potion of
                  | mutation]
  5714 | D:6      | Reached XP level 9. HP: 16/66 MP: 11/11
  5714 | D:6      | Lost mutation: You are strong-willed. (Will+) [potion of
                  | mutation]
  5714 | D:6      | Lost mutation: You are frail. (-10% HP) [potion of
                  | mutation]
  5714 | D:6      | Gained mutation: Your muscles are strong. (Str +2) [potion
                  | of mutation]
  5714 | D:6      | Gained mutation: Your system is resistant to poisons.
                  | (rPois) [potion of mutation]
  5741 | D:6      | Reached *** piety under Makhleb
  6531 | D:6      | Killed Crazy Yiuf
  6595 | D:7      | Reached skill level 7 in Maces & Flails
  7137 | D:7      | Reached skill level 5 in Dodging
  7377 | D:8      | Noticed Erica
  7386 | D:8      | Killed Erica
  7438 | D:8      | Reached XP level 10. HP: 80/83 MP: 13/13
  7441 | D:8      | Reached skill level 8 in Maces & Flails
  7445 | D:8      | Reached **** piety under Makhleb
  8487 | D:9      | Noticed Psyche
  8493 | D:9      | Killed Psyche
  8770 | D:9      | Reached skill level 1 in Long Blades
  9137 | D:9      | Reached skill level 9 in Maces & Flails
  9156 | D:9      | Noticed a two-headed ogre
  9182 | D:9      | Killed a two-headed ogre
  9431 | D:9      | Noticed a two-headed ogre
  9446 | D:9      | Killed a two-headed ogre
  9489 | D:9      | Reached XP level 11. HP: 67/92 MP: 14/14
  9895 | D:10     | Entered Level 10 of the Dungeon
  9896 | D:10     | Noticed Sonja
  9901 | D:10     | Reached skill level 5 in Invocations
  9912 | D:10     | Killed Sonja
  9932 | D:10     | Found a staircase to the Lair.
 10116 | D:10     | Noticed a two-headed ogre
 10129 | D:10     | Reached skill level 10 in Maces & Flails
 10129 | D:10     | Mangled by a two-headed ogre

Illustrated notes

Levels and vault maps discovered:
D:1:      dpeg_arrival_short_road, layout_basic, minmay_misc_feat_pillars
D:2:      layout_rooms, minmay_tetromino_o4
D:3:      layout_basic, gammafunk_ghost_mausoleum, uniq_terence
D:4:      layout_loops_corners, uniq_ijyb, uniq_pikel
D:5:      layout_basic, minmay_temple_entry_trees
D:6:      layout_rooms, nicolae_ru_great_annihilating_truth,
          minmay_ruined_shrine, uniq_crazy_yiuf_cottage
D:7:      layout_rooms, wad_floor_pattern_untrapped, minmay_quadrilaterals
D:8:      layout_basic, st_stairs_1, uniq_erica
D:9:      layout_basic, uniq_psyche
D:10:     layout_grid_maze, lair_entry_dummy, orc_0_dummy, serial_shops,
          nicolae_shop_behind_doors, shop, uniq_sonja
Temple:   regret_index_temple_sigil_plot

Skill      XL: |  1  2  3  4  5  6  7  8  9 10 11 |
---------------+----------------------------------+-----
Dodging        | 3 4 5 6 |  6.5
Stealth        | 2 3 4 |  4.1
Slings         | 1 2 3 |  3.3
Fighting       | 4 5 7 |  7.7
Maces & Flails | 1 4 5 6 7 9 10 | 10.0
Evocations     | 1 2 4 |  4.5
Throwing       | 2 4 |  4.8
Invocations    | 3 4 5 |  5.1
Long Blades    | 3 |  3.0
Unarmed Combat | |  3.6

Action                   |  1- 3 |  4- 6 |  7- 9 | 10-12 || total
-------------------------+-------+-------+-------+-------++-------
Melee: Unarmed           |    66 |     9 |       |       ||    75
       Tailslap          |     3 |     6 |    34 |    40 ||    83
       Flail             |       |    53 |   223 |   221 ||   497
       Punch             |       |       |     2 |     3 ||     5
 Fire: Hunting sling     |    51 |    70 |       |       ||   121
Throw: Dart              |       |    29 |    51 |    10 ||    90
Invok: Minor Destruction |       |       |     3 |       ||     3
       Lesser Servant of |       |       |     4 |     5 ||     9
 Abil: Breathe Acid      |       |       |    11 |     3 ||    14
Evoke: Wand              |       |       |     3 |     5 ||     8
  Use: Scroll            |     4 |     5 |     4 |     3 ||    16
       Potion            |       |       |     6 |     1 ||     7
 Stab: Sleeping          |     2 |     1 |     2 |       ||     5
       Fleeing           |       |       |     1 |       ||     1
Armor: Skin              |    31 |    21 |    92 |    95 ||   239
Dodge: Dodged            |    53 |    60 |   198 |   207 ||   518

Table legend: (Time is in decaauts)
 A = Elapsed time spent in this place.
 B = Non-inter-level travel time spent in this place.
 C = Inter-level travel time spent in this place.
 D = Time resting spent in this place.
 E = Time spent auto-exploring this place.
 F = Levels seen in this place.
 G = Mean time per level.
                   A        B        C        D        E       F      G
               +--------+--------+--------+--------+--------+-----+--------+
         Total |  10166 |   9811 |    355 |      0 |   7116 |  11 |  924.2 |
       Dungeon |   9861 |   9506 |    355 |      0 |   6853 |  10 |  986.1 |
        Temple |    305 |    305 |      0 |      0 |    263 |   1 |  305.0 |
               +--------+--------+--------+--------+--------+-----+--------+

Top non-repeatable levels by time:
     D:9: 1457 daAuts
     D:4: 1374 daAuts
     D:5: 1325 daAuts
     D:8: 1153 daAuts
     D:1: 1001 daAuts
     D:6: 985 daAuts
     D:3: 810 daAuts
     D:2: 770 daAuts
     D:7: 745 daAuts
  Temple: 305 daAuts
    D:10: 236 daAuts
